 Dungeon Crawl Stone Soup version 0.25-a0-523-g9afb2ee040 (webtiles) character file.

Game seed: 1782230867914789885, levelgen mode: deterministic

114186 Flugslaktarn the Severer (level 15, -13/140 HPs)
             Began as a Deep Dwarf Fighter on Feb 18, 2020.
             Was the Champion of Makhleb.
             Hit by a large rock thrown by a cyclops (22 damage)
             ... on level 3 of the Shoals.
             The game lasted 00:12:33 (13084 turns).

Flugslaktarn the Severer (Deep Dwarf Fighter)      Turns: 13084, Time: 00:12:33

Health: -13/140    AC: 29    Str: 25    XL:     15   Next: 82%
Magic:  11/11      EV:  5    Int: 10    God:    Makhleb [******]
Gold:   1476       SH: 20    Dex: 12    Spells: 14/14 levels left

rFire    + . .     SeeInvis .   M - +1 war axe (elec)
rCold    . . .     Gourm    .   x - +1 tower shield
rNeg     + . .     Faith    .   L - +0 plate armour
rPois    .         Spirit   .   P - +2 helmet
rElec    .         Reflect  .   V - +1 cloak
rCorr    .         Harm     .   (no gloves)
MR       ++...                  j - +2 pair of boots
Stlth    ..........             (no amulet)
HPRegen  0.00/turn              p - +4 ring of protection
MPRegen  0.12/turn              f - ring of protection from fire

@: about to teleport, afraid, mesmerised, non-regenerating
A: damage resistance, heal wounds, negative energy resistance 1, sense
surroundings 2, no regeneration
}: 1/15 runes: gossamer
a: Heal Wounds, Minor Destruction, Lesser Servant of Makhleb, Major Destruction,
Greater Servant of Makhleb, Renounce Religion


You were on level 3 of the Shoals.
You worshipped Makhleb.
Makhleb was exalted by your worship.
You were not hungry.

You visited 5 branches of the dungeon, and saw 26 of its levels.
You also visited: Ice Cave.

You collected 1476 gold pieces.

Inventory:

Hand Weapons
 u - a +1 war axe of venom
   (You took it off an orc on level 5 of the Dungeon)
 M - a +1 war axe of electrocution (weapon)
   (You found it on level 9 of the Dungeon)
 R - a +1 war axe of freezing
   (You took it off a wight on level 6 of the Dungeon)
Missiles
 T - 5 throwing nets (quivered)
Armour
 j - a +2 pair of boots (worn)
   (You found it on level 1 of the Dungeon)
 x - a +1 tower shield (worn)
   (You found it on level 6 of the Dungeon)
 I - +1 swamp dragon scales
   (You took it off Maggie on level 7 of the Dungeon)
 L - a +0 plate armour (worn)
   (You found it on level 9 of the Dungeon)
 P - a +2 helmet (worn)
   (You found it on level 4 of the Dungeon)
 V - a +1 cloak (worn)
   (You found it in an ice cave)
Jewellery
 c - an uncursed ring of protection from cold
   (You found it on level 10 of the Dungeon)
 f - a ring of protection from fire (right hand)
   (You found it on level 11 of the Dungeon)
 k - an uncursed ring of resist corrosion
   (You found it on level 8 of the Dungeon)
 n - an uncursed ring of positive energy
   (You found it on level 6 of the Dungeon)
 p - a +4 ring of protection (left hand)
   (You found it on level 8 of the Dungeon)
 y - an uncursed amulet of faith {unknown}
   (You found it on level 3 of the Spider Nest)
 W - the amulet of Ufoavack {Reflect Dex+7 SH+2, unknown}
   (You found it on level 3 of the Shoals)

   [amulet of reflection]

   It shields you and reflects attacks.
   It affects your dexterity (+7).
   It affects your SH (+2).
Wands
 g - a wand of enslavement (11)
   (You found it on level 5 of the Dungeon)
 v - a wand of digging (12)
   (You found it on level 7 of the Dungeon)
 O - a wand of iceblast (9)
   (You found it on level 10 of the Dungeon)
 Q - a wand of acid (12)
   (You found it on level 8 of the Dungeon)
 U - a wand of paralysis (7)
   (You found it in an ice cave)
Scrolls
 b - 4 scrolls of enchant weapon
 i - a scroll of holy word
 m - a scroll of immolation
 r - 8 scrolls of identify
 t - 5 scrolls of teleportation
 w - 9 scrolls of remove curse
 z - a scroll of blinking
 A - a scroll of torment
 D - a scroll of silence
 E - a scroll of enchant armour
 F - 3 scrolls of fog
 G - a scroll of summoning
 H - 2 scrolls of magic mapping
 N - 2 scrolls of vulnerability
 S - a scroll of brand weapon {unknown}
Potions
 a - 3 potions of flight
 d - 3 potions of might
 h - 6 potions of haste
 l - 4 potions of heal wounds
 o - 2 potions of magic
 q - 2 potions of curing
 s - 2 potions of stabbing
 B - 2 potions of invisibility
 J - 5 potions of ambrosia
 K - 6 potions of brilliance
Comestibles
 e - 28 rations
 C - 13 chunks of flesh


   Skills:
 + Level 10.9 Fighting
 * Level 17.9 Axes
 + Level 12.8 Armour
 + Level 12.7 Shields
 + Level 13.1 Invocations


You had 14 spell levels left.
You didn't know any spells.
Your spell library was empty.

Dungeon Overview and Level Annotations

Branches:
Dungeon (15/15)            Temple (1/1) D:6            Lair (3/6) D:11
 Shoals (3/4) Lair:2       Spider (4/4) Lair:2          Orc (0/2) D:11
 Vaults (0/5) D:13         Depths (0/5) D:15          IceCv (visited)

Altars:
Ashenzari
Cheibriados
Dithmenos
Elyvilon
Fedhas
Hepliaklqana
Makhleb
Nemelex Xobeh
Okawaru
Ru
Sif Muna
Trog
Vehumet
Xom
Yredelemnul

Shops:
D:11 =

Annotations:
D:14 3 runed translucent doors, EnegeticOcto's ghost, journeyman DDFi
Shoals:3 Polyphemus


Innate Abilities, Weirdness & Mutations

You are resistant to damage.
You can heal yourself by infusing magical energy.
You resist negative energy. (rN+)
You passively map the area around you.
You do not regenerate.


Message History

a large rock; a sling bullet Blink to where?
Press: ? - help, Dir - move target cursor You cannot blink away from the merfolk siren!
Blink to where?
Press: ? - help, Dir - move target cursor, f - you
Okay, then.
As you read the scroll of teleportation, it crumbles to dust.
You feel strangely unstable.
Polyphemus is no longer petrified.
The merfolk hits you but does no damage.
The hippogriff bites you but does no damage.
You block the hippogriff's attack.
The hippogriff claws you but does no damage.
The satyr plays a frightful melody on his pipes!
The satyr radiates an aura of fear!
You are terrified of the satyr!
The catoblepas completely misses you.
The merfolk siren chants its luring song.
The cyclops throws a large rock.
The large rock hits you!!
You die...

≈ ........≈≈≈≈≈≈ .. ≈ ≈ ≈
≈ ≈...C...≈≈≈≈≈P.#,... , .
≈ ≈......≈≈≈P≈P.##....$P .
≈≈
,.≈≈≈≈..≈≈≈≈P≈≈..P....#* ≈
≈≈≈≈≈≈≈≈≈≈≈≈P≈≈≈≈≈...# # ≈
≈≈
≈≈≈≈≈≈≈Y≈).≈≈≈≈≈≈≈...### ≈
≈≈≈≈≈≈≈≈mCY≈≈.#*#.≈≈.....
≈ ≈
≈≈≈≈≈≈≈YH≈≈≈.###P≈...... ≈
≈≈≈≈≈≈≈@YE≈...#..≈≈..... ≈
≈ ≈≈≈≈≈≈m≈≈.m.....≈.≈≈.≈≈≈
≈≈≈≈≈≈≈≈c.≈....≈≈≈≈..≈≈≈.≈
≈ ≈
≈≈≈≈≈c###..##.≈.<..≈≈.≈≈ ≈
≈ ≈≈≈≈≈≈,*#####..≈..##....
≈≈ ≈≈≈≈≈≈≈ , #..≈....##...
≈ ≈ ≈≈≈≈≈ ,....≈≈........
≈≈≈≈≈ ,,....≈≈≈≈....... ≈
.!...≈≈≈......≈


You could see Polyphemus, 3 death yaks, a catoblepas, a satyr, a merfolk, a
faun, a cyclops, a hippogriff, a water elemental and 2 merfolk sirens.

Vanquished Creatures
  2 emperor scorpions (Spider:4)
  A fire giant (D:15)
  An ogre mage (D:12)
  Harold (D:11)
  2 hydras
  7 two-headed ogres
  2 centaur warriors
  Erica (D:9)
  2 merfolk aquamancers
  A death knight (D:14)
  A tengu warrior (D:15)
  3 sea snakes
  A fire crab (D:15)
  An unseen horror (D:14)
  A wizard (D:13)
  9 orb spiders
  A harpy (shapeshifter) (D:14)
  10 wolf spiders
  A deep elf mage (D:13)
  2 cyclopes
  9 ugly things
  2 manticores
  4 moths of wrath
  2 merfolk sirens (Shoals:1)
  3 water nymphs
  Joseph (D:7)
  4 centaur zombies
  Psyche (D:9)
  2 gargoyles
  4 komodo dragons
  Maggie (D:7)
  2 freezing wraiths
  4 demonic crawlers
  An efreet (D:15)
  2 ice devils (D:13)
  5 merfolk
  A queen bee (Lair:1)
  5 trolls
  10 jumping spiders
  4 hornets
  5 slime creatures (D:14)
  Grinder (D:5)
  2 wind drakes
  8 hippogriffs
  35 redbacks
  A vampire (D:14)
  3 shadows
  12 tarantellas
  Sigmund (D:2)
  4 yaks (D:12)
  6 water elementals
  A human (D:7)
  3 wraiths (D:14)
  A hungry ghost (D:8)
  3 basilisks
  4 hogs (D:7)
  2 wyverns (D:11)
  10 vampire mosquitoes
  2 swamp worms (Lair:2)
  A soldier ant (D:14)
  3 insubstantial wisps (D:13)
  Duvessa (D:7)
  3 acid dragons
  2 porcupines (Lair:2)
  A water moccasin (Lair:2)
  2 black bears
  12 ice beasts
  7 sky beasts
  A necrophage (D:11)
  3 eyes of draining
  5 orc warriors
  A phantom (D:8)
  7 ogres
  6 centaurs
  10 wolves
  3 crocodiles
  10 bullfrogs
  3 scorpions
  Dowan (D:7)
  22 killer bees
  19 wights
  3 howler monkeys
  3 crimson imps
  A bullfrog zombie (D:10)
  15 hounds
  3 jellies
  A gnoll shaman (D:6)
  5 orc priests
  3 bullfrog skeletons
  9 centaur skeletons
  10 iguanas
  4 orc wizards
  15 worker ants
  A killer bee zombie (D:10)
  2 hound zombies
  A hound skeleton (D:10)
  2 worker ant zombies
  3 gnolls (D:6)
  11 adders
  2 shadow imps
  An adder zombie (D:9)
  An ooze (D:4)
  3 adder skeletons
  3 worms
  5 leopard geckos
  26 orcs
  2 ball pythons
  2 giant cockroaches
  2 goblins (D:1)
  3 hobgoblins
  3 jackals (D:9)
  2 quokkas
  3 bats
  2 frilled lizards
  5 kobolds
  A quokka skeleton (D:4)
  A rat (D:1)
  A fungus (Lair:1)
  3 plants (Shoals:3)
507 creatures vanquished.

Vanquished Creatures (collateral kills)
  2 ghost moths (Spider:4)
  2 emperor scorpions (Spider:4)
  A spark wasp (Spider:4)
  Snorg (D:11)
  A centaur warrior (D:11)
  A hydra (D:15)
  3 wolf spiders (Spider:4)
  5 orb spiders
  A deep elf mage (D:15)
  3 demonic crawlers
  A jumping spider (Spider:4)
  A hornet (Spider:4)
  3 tarantellas
  2 vampire mosquitoes (D:15)
  A water moccasin (D:11)
  An ogre (D:11)
  A quokka (D:11)
30 creatures vanquished.

Vanquished Creatures (others)
  A ghost moth (Spider:4)
  A demonic crawler (Spider:1)
  A jumping spider (Spider:4)
  An acid dragon (D:13)
  3 plants
7 creatures vanquished.

Grand Total: 544 creatures vanquished

Notes
Turn   | Place    | Note
-------+----------+-------------------------------------------
     0 | D:1      | Flugslaktarn the Deep Dwarf Fighter began the quest for the
                  | Orb.
     0 | D:1      | Reached XP level 1. HP: 20/20 MP: 1/1
   164 | D:1      | Reached XP level 2. HP: 21/27 MP: 2/2
   231 | D:2      | Noticed Sigmund
   256 | D:2      | Killed Sigmund
   256 | D:2      | Reached skill level 4 in Axes
   256 | D:2      | Reached XP level 3. HP: 33/34 MP: 2/2
   256 | D:2      | Reached XP level 4. HP: 41/42 MP: 3/3
   256 | D:2      | Reached XP level 5. HP: 48/49 MP: 4/4
   655 | D:3      | Found a blossoming altar of Fedhas.
  1012 | D:4      | Reached XP level 6. HP: 40/56 MP: 5/5
  1052 | D:4      | Reached skill level 5 in Axes
  1134 | D:4      | Found a hazy altar of Hepliaklqana.
  1361 | D:4      | Found a sacrificial altar of Ru.
  1449 | D:5      | Entered Level 5 of the Dungeon
  1454 | D:6      | Noticed an ice beast
  1507 | D:5      | Found a blossoming altar of Fedhas.
  1657 | D:5      | Noticed Grinder
  1662 | D:5      | Reached XP level 7. HP: 47/64 MP: 6/6
  1689 | D:5      | Killed Grinder
  1689 | D:5      | Reached skill level 6 in Axes
  1689 | D:5      | Reached skill level 5 in Armour
  1689 | D:5      | Reached skill level 5 in Shields
  2180 | D:6      | Noticed a hippogriff
  2185 | D:6      | Reached XP level 8. HP: 51/73 MP: 5/5
  2192 | D:6      | Killed a hippogriff
  2192 | D:6      | Reached skill level 7 in Axes
  2211 | D:6      | Reached skill level 5 in Fighting
  2371 | D:6      | Found a shimmering blue altar of Sif Muna.
  2371 | D:6      | Found a white marble altar of Elyvilon.
  2520 | D:6      | Found a staircase to the Ecumenical Temple.
  2540 | Temple   | Entered the Ecumenical Temple
  2586 | Temple   | Became a worshipper of Makhleb the Destroyer
  2695 | D:6      | Noticed a hornet
  2698 | D:6      | Noticed a troll
  2702 | D:6      | Reached skill level 8 in Axes
  2713 | D:6      | Paralysed by a hornet for 3 turns
  2720 | D:6      | Killed a hornet
  2720 | D:6      | Reached skill level 1 in Invocations
  2736 | D:6      | Killed a troll
  2736 | D:6      | Gained mutation: You passively map the area around you.
                  | [Deep Dwarf growth]
  2736 | D:6      | Reached XP level 9. HP: 68/81 MP: 5/5
  3060 | D:7      | Paralysed by a hornet for 1 turns
  3062 | D:7      | Paralysed by a hornet for 1 turns
  3073 | D:7      | Reached skill level 9 in Axes
  3078 | D:7      | Noticed Dowan
  3079 | D:7      | Noticed Duvessa
  3093 | D:7      | Killed Dowan
  3097 | D:7      | Killed Duvessa
  3257 | D:7      | Noticed Joseph
  3267 | D:7      | Killed Joseph
  3312 | D:7      | Reached * piety under Makhleb
  3367 | D:7      | Noticed Maggie
  3386 | D:7      | Killed Maggie
  3470 | D:7      | Reached XP level 10. HP: 64/91 MP: 7/7
  3472 | D:7      | Reached skill level 10 in Axes
  3480 | D:7      | Reached skill level 5 in Invocations
  4713 | D:9      | Noticed Erica
  4724 | D:9      | Killed Erica
  4724 | D:9      | Reached skill level 11 in Axes
  4727 | D:9      | Reached ** piety under Makhleb
  4936 | D:9      | Noticed Psyche
  4944 | D:9      | Killed Psyche
  4985 | D:9      | Noticed a two-headed ogre
  4997 | D:9      | Killed a two-headed ogre
  4997 | D:9      | Reached XP level 11. HP: 70/100 MP: 8/10
  5319 | D:10     | Entered Level 10 of the Dungeon
  5876 | D:10     | Reached *** piety under Makhleb
  6224 | D:11     | Noticed Snorg
  6236 | D:11     | Killed Snorg
  6266 | D:11     | Found a staircase to the Lair.
  6294 | D:11     | Noticed a centaur warrior
  6304 | D:11     | Killed a centaur warrior
  6304 | D:11     | Reached skill level 12 in Axes
  6477 | D:11     | Found Alergh Todd's Jewellery Shop.
  6517 | D:11     | Noticed Harold
  6519 | D:11     | Noticed a green ugly thing
  6538 | D:11     | Killed a green ugly thing
  6539 | D:11     | Killed Harold
  6604 | D:11     | Found a staircase to the Orcish Mines.
  6872 | D:11     | Noticed a two-headed ogre
  6885 | D:11     | Killed a two-headed ogre
  6932 | D:11     | Noticed a white ugly thing
  6950 | D:11     | Killed a white ugly thing
  6980 | D:11     | Reached XP level 12. HP: 76/110 MP: 11/11
  7597 | D:12     | Noticed a two-headed ogre
  7598 | D:12     | Noticed a two-headed ogre
  7600 | D:12     | Noticed an ogre mage
  7602 | D:12     | Noticed a two-headed ogre
  7609 | D:12     | Killed a two-headed ogre
  7609 | D:12     | Reached skill level 13 in Axes
  7615 | D:12     | Killed an ogre mage
  7615 | D:12     | Reached skill level 10 in Shields
  7617 | D:12     | Killed a two-headed ogre
  7617 | D:12     | Reached skill level 10 in Armour
  7628 | D:12     | Killed a two-headed ogre
  7628 | D:12     | Reached **** piety under Makhleb
  8052 | D:13     | Noticed a two-headed ogre
  8052 | D:13     | Noticed a centaur warrior
  8058 | D:13     | Killed a two-headed ogre
  8067 | D:13     | Killed a centaur warrior
  8091 | D:13     | Found a frozen archway.
  8129 | IceCv    | Entered an ice cave
  8150 | IceCv    | Reached skill level 10 in Invocations
  8151 | IceCv    | Found a transporter.
  8172 | IceCv    | Found a transporter.
  8328 | D:13     | Reached skill level 15 in Axes
  8328 | D:13     | Reached XP level 13. HP: 116/121 MP: 13/13
  8604 | D:13     | Found a gate to the Vaults.
  8867 | D:14     | Found a runed translucent gate.
  8868 | D:14     | Found a runed translucent gate.
  8869 | D:14     | Found a runed translucent gate.
  8876 | D:14     | Found a shadowy altar of Dithmenos.
  8905 | D:14     | Noticed a tengu reaver
  8906 | D:14     | Noticed EnegeticOcto's ghost (journeyman DDFi)
  8908 | D:14     | Noticed a fire dragon
  8979 | D:14     | Gained mutation: You resist negative energy. (rN+) [Deep
                  | Dwarf growth]
  8979 | D:14     | Reached XP level 14. HP: 128/129 MP: 14/14
  9299 | D:14     | Reached ***** piety under Makhleb
  9579 | D:15     | Entered Level 15 of the Dungeon
  9607 | D:15     | Reached skill level 16 in Axes
  9738 | D:15     | Found a staircase to the Depths.
  9738 | D:15     | Noticed a fire giant
  9790 | D:15     | Killed a fire giant
 10395 | Lair:1   | Entered Level 1 of the Lair of Beasts
 10689 | Lair:2   | Found a hole to the Spider Nest.
 10711 | Spider:1 | Entered Level 1 of the Spider Nest
 10924 | Spider:2 | Reached skill level 10 in Fighting
 11083 | Spider:3 | HP: 5/132 [wolf spider (13)]
 11262 | Spider:4 | Entered Level 4 of the Spider Nest
 11290 | Spider:4 | Reached XP level 15. HP: 138/138 MP: 15/15
 11297 | Spider:4 | Reached ****** piety under Makhleb
 11370 | Spider:4 | Paralysed by a hornet for 2 turns
 11382 | Spider:4 | Reached skill level 17 in Axes
 11486 | Spider:4 | Killed a ghost moth
 11550 | Spider:4 | Killed a ghost moth
 11636 | Spider:4 | Killed a ghost moth
 11662 | Spider:4 | Got a gossamer rune of Zot
 12197 | Lair:2   | Found a staircase to the Shoals.
 12708 | Shoals:1 | Entered Level 1 of the Shoals
 13036 | Shoals:3 | Got a scorched zirconium amulet
 13059 | Shoals:3 | Noticed Polyphemus
 13084 | Shoals:3 | Hit by a large rock thrown by a cyclops

Levels and vault maps discovered:
D:1:      heliophobic_arrival_henge, layout_rooms, minmay_misc_feat_x
D:2:      layout_loops_ring, chequers_temple_overflow_minitemple,
          serial_park_tiny_pond, uniq_natasha, uniq_sigmund
D:3:      layout_loops_ring, first_ration, fedhas_altar_2
D:4:      layout_loops_corners, nicolae_ru_path_of_blood, lemuel_crystal_altar
D:5:      layout_gridville, basic_altar, minmay_statues_item,
          corexii_item_surrounded_by_moat, minmay_misc_feat_four_crosses,
          hex_tiny, uniq_grinder
D:6:      layout_gridville, chequers_temple_overflow_statue_of_worship,
          minmay_temple_entry_sparse_star, nicolae_benzene_ring,
          minmay_manual_mullet
D:7:      layout_loops_ring, grunt_livestock, dk_noncrumbling_3, uniq_maggie,
          uniq_joseph, uniq_duvessa
D:8:      layout_rooms
D:9:      layout_stronghold, uniq_psyche, uniq_erica
D:10:     layout_grid_maze
D:11:     minmay_polygon_palace, layout_basic, lair_entry_dummy, orc_0_dummy,
          serial_shops, shop, uniq_harold, uniq_snorg
D:12:     layout_basic
D:13:     layout_long_grid, david_vaults_1, portal_ice_cave_demonic_guard, pond
D:14:     layout_loops_ring, gammafunk_ghost_split, basic_altar,
          lemuel_nasty_fountain
D:15:     grunt_enter_depths_giant_problem, layout_basic,
          hangedman_abyss_or_decor_clamps, minivault_11
Temple:   eino_narrow_crystal_temple
Lair:1:   layout_roguey [special_room_bee], gammafunk_ghost_grave,
          serial_bayou_shore_b, lemuel_fruit_tree, minmay_lair_oklob_chamber,
          serial_bayou_shore_b
Lair:2:   layout_big_grid, shoals_dummy_entry,
          nicolae_spider_entry_orb_guardian, serial_bayou_pond_b,
          hangedman_lair_unloving_vines, st_stairs_12, minivault_25,
          worms_lemuel, serial_bayou_shore_b, infiniplex_staircase_pool_2
Lair:3:   beast_lair_carwin_large_4, layout_gridlike, grunt_megastairs_2
Shoals:1: layout_shoals, serial_shops, nicolae_shop_statue_plus,
          nicolae_shop_crystal, nicolae_shop_behind_doors, shop
Shoals:2: layout_shoals
Shoals:3: layout_shoals, nicolae_shoals_cliffside_cave, uniq_polyphemus
Spider:1: layout_spider_delve
Spider:2: layout_spider_delve
Spider:3: layout_spider_delve
Spider:4: grunt_spider_rune_island

Skill      XL: |  1  2  3  4  5  6  7  8  9 10 11 12 13 14 15 |
---------------+----------------------------------------------+-----
Fighting       | 3 4 5 6 7 8 9 10 | 10.9
Axes           | 4 5 6 8 9 11 12 15 16 17 | 17.9
Armour         | 4 5 6 7 8 9 10 11 12 | 12.8
Shields        | 4 5 6 7 8 9 10 11 12 | 12.7
Invocations    | 2 4 6 8 10 12 13 | 13.1

Action                   |  1- 3 |  4- 6 |  7- 9 | 10-12 | 13-15 || total
-------------------------+-------+-------+-------+-------+-------++-------
Melee: War axe           |    51 |   147 |   281 |   696 |  1051 ||  2226
Invok: Lesser Servant of |       |       |       |     2 |     7 ||     9
       Greater Servant o |       |       |       |       |     3 ||     3
 Abil: Heal Wounds       |     3 |     1 |    13 |     5 |    32 ||    54
Evoke: Wand              |       |       |       |       |     7 ||     7
  Use: Potion            |       |       |     1 |     1 |     5 ||     7
       Scroll            |       |       |       |    10 |    21 ||    31
 Stab: Distracted        |       |       |       |     1 |     3 ||     4
       Petrified         |       |       |       |       |     4 ||     4
       Confused          |       |       |       |       |     2 ||     2
       Held in net/web   |       |       |       |       |     1 ||     1
  Eat: Chunk             |       |     3 |     6 |    17 |    11 ||    37
       Ration            |       |       |       |     1 |     2 ||     3
Armor: Scale mail        |    16 |    70 |   125 |    25 |       ||   236
       Swamp dragon scal |       |       |       |   242 |   567 ||   809
       Plate armour      |       |       |       |       |   132 ||   132
Dodge: Dodged            |    15 |    46 |    58 |   138 |   287 ||   544
Block: Kite shield       |    21 |    83 |    28 |       |       ||   132
       Tower shield      |       |       |   249 |   538 |  1187 ||  1974

Table legend:
 A = Non-vault XP
 B = Vault XP
 C = Vault XP percentage of total XP
 D = Non-vault monster count
 E = Vault monster count
 F = Vault count percentage of total count
                 A         B        C        D         E       F
            +---------+---------+-------+---------+---------+-------
      Total |   79363 |   40650 |  33.9 |     408 |     128 |  23.9
            +---------+---------+-------+---------+---------+-------
        D:1 |      14 |       0 |   0.0 |       9 |       0 |   0.0
        D:2 |       4 |     208 |  98.1 |       2 |       1 |  33.3
        D:3 |      44 |       0 |   0.0 |      13 |       0 |   0.0
        D:4 |     287 |       0 |   0.0 |      15 |       0 |   0.0
        D:5 |     339 |     267 |  44.1 |      11 |       1 |   8.3
        D:6 |    1154 |     924 |  44.5 |      22 |       6 |  21.4
        D:7 |    1444 |    2008 |  58.2 |      29 |       9 |  23.7
        D:8 |    1315 |       0 |   0.0 |      16 |       0 |   0.0
        D:9 |    2483 |    1342 |  35.1 |      32 |       2 |   5.9
       D:10 |    2587 |       0 |   0.0 |      23 |       0 |   0.0
       D:11 |    1973 |    5753 |  74.5 |      18 |      21 |  53.8
       D:12 |    6866 |       0 |   0.0 |      24 |       0 |   0.0
       D:13 |    2654 |    5476 |  67.4 |      12 |      15 |  55.6
       D:14 |   10433 |       0 |   0.0 |      33 |       0 |   0.0
       D:15 |    9617 |    1707 |  15.1 |      25 |       1 |   3.8
     Lair:1 |     566 |    1485 |  72.4 |       5 |      20 |  80.0
     Lair:2 |    3173 |    1101 |  25.8 |      18 |       4 |  18.2
     Lair:3 |       0 |     507 | 100.0 |       0 |       5 | 100.0
   Shoals:1 |    3479 |       0 |   0.0 |       7 |       0 |   0.0
   Shoals:2 |    4340 |       0 |   0.0 |      12 |       0 |   0.0
   Shoals:3 |    2862 |       0 |   0.0 |       7 |       0 |   0.0
   Spider:1 |    2493 |       0 |   0.0 |       8 |       0 |   0.0
   Spider:2 |    8041 |       0 |   0.0 |      25 |       0 |   0.0
   Spider:3 |    4504 |       0 |   0.0 |      16 |       0 |   0.0
   Spider:4 |    8691 |   18214 |  67.7 |      26 |      35 |  57.4
      IceCv |       0 |    1658 | 100.0 |       0 |       8 | 100.0
            +---------+---------+-------+---------+---------+-------
